 Dungeon Crawl Stone Soup version 0.28-a0-793-g31680bbd8b (webtiles) character file.

Game seed: 4094512640346900124

13146 kae the Summoner (level 12, -2/65 HPs)
             Began as a Vine Stalker Summoner on Nov 4, 2021.
             Was a Follower of Ashenzari.
             Killed by an exploding themself (13 damage)
             ... ignited by their inner flame
             ... on level 11 of the Dungeon.
             The game lasted 00:17:35 (13433 turns).

kae the Summoner (Vine Stalker Summoner)           Turns: 13433, Time: 00:17:35

Health: -2/65      AC:  5    Str: 11    XL:     12   Next: 2%
Magic:  0/26       EV: 12    Int: 23    God:    Ashenzari [*.....]
Gold:   795        SH:  0    Dex: 16    Spells: 17/30 levels left

rFire   + . .      SeeInvis .   l - +8 trident "Basov" {freeze, Int+4}
rCold   . . .      Faith    .   (no shield)
rNeg    . . .      Spirit   +   a - +0 robe of Apeoromancy {Elem, Self} (curse)
rPois   .          Reflect  .   A - +0 helmet "Gaze Upon Infinity" {Cun, Elem} (curse)
rElec   .          Harm     .   (no cloak)
rCorr   .          Rampage  .   (no gloves)
Will    +....                   n - +1 pair of boots
Stlth   ++........              (no amulet)
HPRegen 1.20/turn               i - ring of protection from fire
MPRegen 0.20/turn               (no ring)

@: no status effects
A: fangs 3, regeneration 1, magic shield, antimagic bite, no potion heal 2
a: Renounce Religion, Curse Item, Shatter the Chains


You were on level 11 of the Dungeon.
You worshipped Ashenzari.
Ashenzari was aware of your devotion.
You visited 2 branches of the dungeon, and saw 12 of its levels.
You also visited: Ossuary.

You collected 795 gold pieces.

Inventory:

Hand Weapons
 b - a +0 dagger of electrocution
 f - a +3 dagger of venom
 l - the +8 trident "Basov" (weapon) {freeze, Int+4}
   (You found it on level 5 of the Dungeon)

   It freezes those it strikes, dealing additional cold damage.
   It can also slow down cold-blooded creatures.
   Int:       It affects your intelligence (+4).
Missiles
 j - 6 throwing nets
Armour
 a - the cursed +0 robe of Apeoromancy (worn) {Elem, Self}

   It has a curse which improves the following skills: Elements: Fire Magic, Ice
   Magic, Air Magic and Earth Magic.
   Introspection: Fighting and Spellcasting.
 n - a +1 pair of boots (worn)
 A - the cursed +0 helmet "Gaze Upon Infinity" (worn) {Cun, Elem}
   (You found it on level 7 of the Dungeon)

   It has a curse which improves the following skills: Cunning: Dodging and
   Stealth.
   Elements:  Fire Magic, Ice Magic, Air Magic and Earth Magic.
Jewellery
 i - a ring of protection from fire (left hand)
Wands
 h - a wand of acid (13)
 m - a wand of digging (2)
 u - a wand of polymorph (8)
 v - a wand of flame (22)
 y - a wand of iceblast (12)
Scrolls
 c - 8 scrolls of noise
 t - a scroll of enchant armour
 x - 4 scrolls of teleportation
 z - 3 scrolls of enchant weapon
 E - a scroll of silence
Potions
 d - 2 potions of curing
 e - 2 potions of resistance
 g - a potion of haste
 k - 5 potions of flight
 o - 3 potions of attraction
 p - 4 potions of lignification
 q - 3 potions of heal wounds
 r - 5 potions of berserk rage
 s - 20 potions of degeneration
 w - a potion of brilliance
 B - a potion of magic
 C - a potion of cancellation
 D - a potion of might


   Skills:
 + Level 7.4(8.5) Fighting
 * Level 8.7 Polearms
 - Level 1.5(2.3) Dodging
 - Level 2.4(3.2) Stealth
 + Level 8.6(9.6) Spellcasting
 * Level 12.4 Summonings


You had 17 spell levels left.
You knew the following spells:

 Your Spells              Type           Power      Damage    Failure   Level
a - Summon Small Mammal   Summ           100%       N/A       1%          1
b - Call Imp              Summ           62%        N/A       1%          2
c - Call Canine Familiar  Summ           62%        N/A       1%          3
d - Summon Guardian Gole  Hex/Summ       39%        N/A       1%          3
e - Summon Lightning Spi  Summ/Air       40%        N/A       4%          4

Your spell library contained the following spells:

 Spells                   Type           Power      Damage    Failure   Level
 Animate Skeleton         Necr           22%        N/A       6%          1
 Apportation              Tloc           22%        N/A       6%          1
 Beastly Appendage        Tmut           22%        N/A       6%          1
 Static Discharge         Conj/Air       11%        N/A       9%          2
 Sublimation of Blood     Necr           11%        N/A       9%          2
 Wereblood                Tmut           11%        N/A       9%          2
 Spider Form              Tmut/Pois      11%        N/A       19%         3
 Petrify                  Tmut/Erth      11%        N/A       50%         4
 Sticky Flame             Conj/Fire      11%        2d3       50%         4
 Dispel Undead            Necr           11%        3d9       52%         4
 Fireball                 Conj/Fire      5%         3d5       83%         5
 Irradiate                Conj/Tmut      5%         3d15      86%         5
 Starburst                Conj/Fire      5%         6d4       100%        6
 Ignition                 Fire           6%         3d4       100%        8


Dungeon Overview and Level Annotations

Branches:
Dungeon (11/15)            Temple (1/1) D:5            Lair (0/6) D:11
    Orc (0/2) D:10        Ossuary (visited)

Altars:
Ashenzari
Cheibriados
Dithmenos
Elyvilon
Fedhas
Gozag
Hepliaklqana
Kikubaaqudgha
Makhleb
Nemelex Xobeh
Okawaru
Qazlal
Ru
Sif Muna
Trog
Uskayaw
Vehumet
Wu Jian
Xom
Yredelemnul
Zin
The Shining One

Portals:
Ice
Cave: D:11

Annotations:
D:3 3 runed translucent doors, sn0wgr3's ghost, amateur MiFi
D:9 3 runed translucent doors


Innate Abilities, Weirdness & Mutations

You have razor-sharp teeth.
Your natural rate of healing is unusually fast.
When hurt, damage is shared between your health and your magic reserves.
Your bite disrupts and absorbs the magic of your enemies.
Potions cannot restore your health.


Message History

Casting: Summon Guardian Golem (safe; 1% risk of failure)
Confirm with . or Enter, or press ? or * to list all spells.
Your guardian golem is engulfed in freezing vapours.
Casting: Call Canine Familiar (safe; 1% risk of failure)
Confirm with . or Enter, or press ? or * to list all spells.
Casting: Summon Small Mammal (safe; 1% risk of failure)
Confirm with . or Enter, or press ? or * to list all spells.
A beastly little devil appears in a puff of flame.
The two-headed ogre simulacrum misses your rat. x2
Your rat bites the two-headed ogre simulacrum.
Casting: Call Imp (safe; 1% risk of failure)
Confirm with . or Enter, or press ? or * to list all spells.
Your crimson imp blinks!
Your rat bites the two-headed ogre simulacrum but does no damage.
The two-headed ogre simulacrum hits your rat!
Your rat dies!
Your rat's corpse disappears in a puff of smoke!
Your crimson imp blinks!
Your warg bites the two-headed ogre simulacrum!
The two-headed ogre simulacrum hits you.
The two-headed ogre simulacrum freezes you!!
The two-headed ogre simulacrum hits you!
The two-headed ogre simulacrum freezes you!!
* * * LOW HITPOINT WARNING * * *
The two-headed ogre simulacrum hits your warg!
The two-headed ogre simulacrum freezes your warg!
The two-headed ogre simulacrum barely misses your warg.
You are too injured to fight recklessly!
You are too injured to fight recklessly!
Your warg bites the two-headed ogre simulacrum.
Your guardian golem overheats!
Your warg bites the two-headed ogre simulacrum.
The two-headed ogre simulacrum hits your guardian golem!
Flame seeps out of your guardian golem.
The two-headed ogre simulacrum freezes your guardian golem!
Your guardian golem resists.
Your guardian golem disappears in a puff of smoke!
Your guardian golem explodes!
The fiery explosion engulfs you! You resist.
You die...

≈.......# ..
≈≈......# ..
§§.§....# ..
.8≈§....#
§≈......#+##########
≈§..................
≈...................
§.......8...r§......
§..........@○h..∩...
............§ZZ.....
#######.........5...
#.............#
#.............#
#...####+#.....+
#... .....# #..
..#### ..#


You could see 2 two-headed ogre simulacra, a friendly warg (summoned,
sheltered), a friendly lightning spire (summoned, sheltered), a friendly crimson
imp (summoned, sheltered) and a friendly quokka (summoned, sheltered).

Vanquished Creatures
  A two-headed ogre (D:10)
  Maggie (D:9)
  A troll (D:9)
  2 slime creatures (D:11)
  3 wargs (D:11)
  An acid dragon (D:11)
  3 water moccasins
  A swamp drake (D:10)
  4 orc warriors
  2 ice beasts
  2 necrophages
  2 ogres
  A hornet zombie (D:6)
  6 centaurs
  A phantom (D:7)
  2 bullfrogs
  7 scorpions
  5 killer bees
  3 wights
  A howler monkey (D:10)
  4 centaur zombies
  2 jellies
  5 hounds
  2 centaur skeletons
  2 orc priests
  2 iguanas
  8 orc wizards
  Natasha (twice) (D:4)
  A spriggan simulacrum (D:11)
  A troll simulacrum (D:11)
  A killer bee zombie (D:7)
  2 mummies (Ossuary)
  A hound skeleton (D:4)
  A howler monkey zombie (D:9)
  6 adders
  15 gnolls
  2 white imps
  An adder skeleton (D:4)
  A worm (D:2)
  2 dart slugs
  35 orcs
  5 endoplasms
  2 giant cockroaches
  3 hobgoblins
  11 jackals
  2 kobolds
  A quokka (D:1)
  3 ball pythons
  A bat (D:2)
  3 frilled lizards (D:1)
  3 gnoll zombies (Ossuary)
  3 goblins
  2 goblin zombies (Ossuary)
  2 kobold zombies (Ossuary)
  4 rats
190 creatures vanquished.

Vanquished Creatures (collateral kills)
  Harold (D:9)
  3 two-headed ogres
  A manticore (D:11)
  A gargoyle (D:10)
  2 trolls
  2 slime creatures (D:11)
  An acid dragon (D:11)
  An orc warrior (D:10)
  A sky beast (D:7)
  2 ogres (D:7)
  A necrophage (D:5)
  2 phantoms
  A centaur (D:9)
  A bullfrog (D:7)
  2 gnoll sergeants (D:8)
  A wyvern zombie (D:7)
  4 wights
  A centaur zombie (D:9)
  2 centaur skeletons
  A hound (D:3)
  A gnoll shaman (D:3)
  2 orc priests
  Natasha (D:4)
  6 orc wizards
  A killer bee zombie (D:6)
  2 mummies (Ossuary)
  17 gnolls
  An adder (D:4)
  23 orcs
  A ball python (D:1)
  A bat (D:3)
  3 endoplasms
  A giant cockroach (D:2)
  3 hobgoblins (D:1)
  2 jackals (D:3)
  2 kobolds (D:1)
  4 goblins
  2 rats
104 creatures vanquished.

Vanquished Creatures (others)
  A manticore (D:8)
  Joseph (D:9)
  An orc warrior (D:7)
  A wight (D:8)
  An orc wizard (D:10)
  A gnoll (D:8)
  2 orcs (D:10)
  A quokka (D:3)
  5 plants
  A withered plant (D:7)
15 creatures vanquished.

Grand Total: 309 creatures vanquished

Notes
Turn   | Place    | Note
-------+----------+-------------------------------------------
     0 | D:1      | kae the Vine Stalker Summoner began the quest for the Orb.
     0 | D:1      | Reached XP level 1. HP: 9/9 MP: 4/4
   390 | D:1      | Reached XP level 2. HP: 14/14 MP: 4/6
   476 | D:1      | Learned a level 2 spell: Call Imp
   550 | D:1      | Found a faded altar of an unknown god.
  1217 | D:2      | Reached XP level 3. HP: 13/17 MP: 3/7
  1276 | D:1      | Reached skill level 1 in Fighting
  2065 | D:2      | Found a white marble altar of Elyvilon.
  2577 | D:3      | Found a runed translucent gate.
  2577 | D:3      | Found a runed translucent gate.
  2577 | D:3      | Found a runed translucent gate.
  2583 | D:3      | Noticed sn0wgr3's ghost (amateur MiFi)
  2632 | D:3      | Found a white marble altar of Elyvilon.
  2705 | D:3      | Gained mutation: Your natural rate of healing is unusually
                  | fast. [Vine Stalker growth]
  2705 | D:3      | Reached XP level 4. HP: 18/22 MP: 9/9
  2778 | D:3      | Reached skill level 5 in Summonings
  2854 | D:3      | Learned a level 3 spell: Call Canine Familiar
  2893 | D:3      | Reached XP level 5. HP: 23/26 MP: 7/10
  3029 | D:3      | Noticed an ogre
  3197 | D:3      | Reached XP level 6. HP: 20/30 MP: 1/12
  3394 | D:3      | Found a shadowy altar of Dithmenos.
  3488 | D:3      | Found a hide-covered altar of Uskayaw.
  3690 | D:3      | Reached skill level 6 in Summonings
  3930 | D:3      | Reached XP level 7. HP: 35/35 MP: 10/14
  4592 | D:4      | Noticed Natasha
  4597 | D:4      | Reached skill level 7 in Summonings
  4607 | D:4      | Killed Natasha
  4785 | D:4      | Noticed Natasha
  4796 | D:4      | Killed Natasha
  4843 | D:4      | Noticed Natasha
  4853 | D:4      | Killed Natasha
  5011 | D:4      | Gained mutation: You have razor-sharp teeth. [Vine Stalker
                  | growth]
  5011 | D:4      | Reached XP level 8. HP: 40/42 MP: 11/16
  5318 | D:5      | Entered Level 5 of the Dungeon
  5318 | D:5      | Found a glowing golden altar of the Shining One.
  5359 | D:5      | Reached skill level 5 in Spellcasting
  5564 | D:5      | Reached skill level 8 in Summonings
  5804 | D:5      | Found a staircase to the Ecumenical Temple.
  6190 | Temple   | Entered the Ecumenical Temple
  6403 | Temple   | Became a worshipper of Ashenzari the Shackled
  6554 | D:5      | Identified the +8 trident "Basov" {freeze, Int+4}
  6774 | D:6      | Reached skill level 1 in Polearms
  6974 | D:6      | Reached XP level 9. HP: 46/46 MP: 16/18
  7171 | D:6      | Reached skill level 9 in Summonings
  7483 | D:6      | Reached skill level 5 in Fighting
  7668 | D:7      | Found an opulent altar of Gozag.
  8178 | D:7      | Noticed a two-headed ogre
  8201 | D:7      | Killed a two-headed ogre
  8202 | D:7      | Reached skill level 5 in Polearms
  8202 | D:7      | Reached skill level 10 in Summonings
  8202 | D:7      | Reached XP level 10. HP: 38/53 MP: 15/21
  8320 | D:7      | Found an ancient bone altar of Kikubaaqudgha.
  8324 | D:7      | Found a blossoming altar of Fedhas.
  8526 | D:7      | Found a shimmering blue altar of Sif Muna.
  8723 | D:7      | Learned a level 3 spell: Summon Guardian Golem
  8728 | D:7      | Learned a level 4 spell: Summon Lightning Spire
  9116 | D:8      | Found an ornate altar of the Wu Jian Council.
  9125 | D:8      | Found a sand-covered staircase.
  9135 | Ossuary  | Entered an ossuary
  9939 | D:8      | Reached * piety under Ashenzari
 10002 | D:8      | Noticed a manticore
 10010 | D:8      | Killed a manticore
 10378 | D:8      | Found a radiant altar of Vehumet.
 10378 | D:8      | Found a sacrificial altar of Ru.
 10445 | D:9      | Noticed Maggie
 10453 | D:9      | Killed Maggie
 10454 | D:9      | Reached skill level 11 in Summonings
 10684 | D:9      | Reached XP level 11. HP: 44/58 MP: 11/24
 10837 | D:9      | Noticed Joseph
 10850 | D:9      | Killed Joseph
 11021 | D:9      | Found a runed translucent gate.
 11021 | D:9      | Found a runed translucent gate.
 11021 | D:9      | Found a runed translucent gate.
 11048 | D:9      | Noticed a brown ugly thing
 11048 | D:9      | Noticed a green ugly thing
 11067 | D:9      | Noticed a brown ugly thing
 11271 | D:9      | Noticed Harold
 11283 | D:9      | Killed Harold
 11917 | D:10     | Entered Level 10 of the Dungeon
 12268 | D:10     | Noticed a two-headed ogre
 12287 | D:10     | Killed a two-headed ogre
 12554 | D:10     | Found a staircase to the Orcish Mines.
 12811 | D:10     | Noticed a two-headed ogre
 12819 | D:10     | Killed a two-headed ogre
 12926 | D:11     | Noticed a manticore
 12930 | D:11     | Noticed a two-headed ogre
 12933 | D:11     | Killed a manticore
 12936 | D:11     | Killed a two-headed ogre
 12937 | D:11     | Reached skill level 12 in Summonings
 13123 | D:11     | Found a staircase to the Lair.
 13275 | D:11     | Reached XP level 12. HP: 51/65 MP: 19/26
 13416 | D:11     | Found a frozen archway.
 13433 | D:11     | Killed by an exploding themself... ignited by their inner
                  | flame

Illustrated notes

Levels and vault maps discovered:
D:1:      dpeg_arrival_three_same_balls, layout_basic,
          dreamdust_ecumenical_altar_angels_and_demons, minmay_split_cup_large
D:2:      layout_basic, basic_altar, minmay_pentomino_pile
D:3:      lemuel_castle_with_subvaults [lemuel_castle_interior_carwin_1],
          layout_basic, mainiacjoe_overflow_catwalk_spiral, elyvilon_altar_4,
          gammafunk_ghost_necromancy, small_statue_intersection
D:4:      layout_rooms, minmay_misc_feat_encased, uniq_natasha
D:5:      layout_gridville, mainiacjoe_overflow_small_starburst,
          lemuel_temple_firewalk_b
D:6:      wad_crossroads, layout_basic, minmay_holes
D:7:      minmay_thinvault, layout_cave_pools,
          grunt_temple_overflow_growth_and_decay,
          nicolae_gozag_cash_rules_everything_around_me,
          mainiacjoe_overflow_concentric_impassable, grunt_decor_resistance
D:8:      layout_basic, gammafunk_temple_overflow_elements,
          mainiacjoe_overflow_boulevard, enter_ossuary_1
D:9:      layout_stronghold, ploomutoo_gammafunk_ghost_potion_laboratory,
          uniq_joseph, uniq_harold, uniq_maggie
D:10:     layout_roguey, erik_orc_1, kennysheep_generic_room_13
D:11:     layout_irregular_city, erik_lair_orcish_takeover,
          portal_ice_cave_entry_ice_simulacra, minivault_27, demons_altar
Temple:   minmay_temple_curvy_loop

Skill      XL: |  1  2  3  4  5  6  7  8  9 10 11 |
---------------+----------------------------------+-----
Fighting       | 1 2 3 4 5 6 7 |  7.4
Spellcasting   | 3 4 5 6 7 8 |  8.6
Summonings     | 5 6 7 8 10 11 12 | 12.4
Polearms       | 2 5 6 8 |  8.7
Dodging        | |  1.5
Stealth        | |  2.4

Action                   |  1- 3 |  4- 6 |  7- 9 | 10-12 || total
-------------------------+-------+-------+-------+-------++-------
Melee: Unarmed           |    17 |       |       |       ||    17
       Bite              |    24 |    37 |    43 |    40 ||   144
       Dagger            |    79 |   130 |   120 |       ||   329
       Trident           |       |       |   107 |   248 ||   355
 Cast: Summon Small Mamm |    20 |     6 |     5 |     6 ||    37
       Call Imp          |    17 |    12 |    20 |     9 ||    58
       Call Canine Famil |       |     8 |    28 |     6 ||    42
       Summon Lightning  |       |       |       |    34 ||    34
       Summon Guardian G |       |       |       |    26 ||    26
Invok: Curse Item        |       |       |       |     2 ||     2
Evoke: Wand              |       |       |       |     1 ||     1
  Use: Scroll            |     3 |     1 |     5 |     5 ||    14
       Potion            |       |       |       |     1 ||     1
 Stab: Sleeping          |     2 |       |     8 |     5 ||    15
       Distracted        |     2 |       |     3 |     5 ||    10
Armor: Robe              |    23 |    13 |    41 |    60 ||   137
Dodge: Dodged            |    76 |    81 |   142 |   104 ||   403

Table legend: (Time is in decaauts)
 A = Elapsed time spent in this place.
 B = Non-inter-level travel time spent in this place.
 C = Inter-level travel time spent in this place.
 D = Time resting spent in this place.
 E = Time spent auto-exploring this place.
 F = Levels seen in this place.
 G = Mean time per level.
                   A        B        C        D        E       F      G
               +--------+--------+--------+--------+--------+-----+--------+
         Total |  13443 |  12878 |    565 |   1003 |   9465 |  13 | 1034.1 |
       Dungeon |  12928 |  12431 |    497 |    993 |   9100 |  11 | 1175.3 |
        Temple |    258 |    191 |     67 |      0 |    186 |   1 |  258.0 |
       Ossuary |    256 |    256 |      0 |     10 |    179 |   1 |  256.0 |
               +--------+--------+--------+--------+--------+-----+--------+

Top non-repeatable levels by time:
     D:3: 1950 daAuts
     D:9: 1504 daAuts
     D:1: 1487 daAuts
     D:7: 1335 daAuts
     D:8: 1157 daAuts
     D:6: 1095 daAuts
     D:2: 1025 daAuts
     D:5: 1007 daAuts
    D:10: 986 daAuts
     D:4: 860 daAuts
    D:11: 518 daAuts
  Temple: 258 daAuts
 Ossuary: 256 daAuts
